 Dungeon Crawl Stone Soup version 0.30-b1-2-g02819fbbbe (webtiles) character file.

Game seed: 2605279488123628671

56 ketsa the Shield-Bearer (level 3, -3/20 HPs)
             Began as a Vine Stalker Fighter on May 23, 2023.
             Slain by Crazy Yiuf
             ... wielding a +2 quarterstaff of chaos
              (9 damage)
             ... on level 2 of the Dungeon.
             The game lasted 00:02:56 (1134 turns).

ketsa the Shield-Bearer (Vine Stalker Fighter)      Turns: 1134, Time: 00:02:57

Health: -3/20      AC:  6    Str: 18    XL:     3   Next: 95%
Magic:  0/4        EV:  9    Int:  8    God:
Gold:   98         SH:  5    Dex: 15    Spells: 2/2 levels left

rFire   . . .        a - +0 long sword
rCold   . . .        c - +0 buckler
rNeg    . . .        b - +0 scale mail
rPois   .            (no helmet)
rElec   .            (no cloak)
rCorr   .            (no gloves)
SInv    .            (no boots)
Will    .....        (no amulet) Stlth
                     (no ring)
HPRegen 0.23/turn    (no ring)
MPRegen 0.09/turn

%: guardian spirit
@: no status effects
A: fangs 2, magic shield, antimagic bite, no potion heal 2
a: no special abilities


You were on level 2 of the Dungeon.
You visited 1 branch of the dungeon, and saw 2 of its levels.

You collected 98 gold pieces.

Inventory:

Hand Weapons
 a - a +0 long sword (weapon)
Armour
 b - a +0 scale mail (worn)
 c - a +0 buckler (worn)
 h - a +1 kite shield of poison resistance
Scrolls
 e - a scroll of teleportation
 f - a scroll of identify {unknown}
 g - a scroll of magic mapping {unknown}
 k - a scroll of amnesia {unknown}
 m - a scroll of silence {unknown}
 n - a scroll of fog {unknown}
Potions
 d - 3 potions of might
 i - a potion of ambrosia {unknown}
 j - 2 potions of heal wounds {unknown}
 l - a potion of haste {unknown}
 o - 2 potions of curing {unknown}
 p - a potion of mutation {unknown}


   Skills:
 + Level 3.1 Fighting
 * Level 2.8 Long Blades
 - Level 2.4 Armour
 - Level 1.1 Stealth
 + Level 3.1 Shields


You had 2 spell levels left.
You didn't know any spells.
Your spell library was empty.

Dungeon Overview and Level Annotations

Branches:
Dungeon (2/15) Zot: 10836

Altars:

Annotations:
D:2 Crazy Yiuf


Innate Abilities, Weirdness & Mutations

You have extremely sharp teeth.
When hurt, damage is shared between your health and your magic reserves.
Your bite disrupts and absorbs the magic of your enemies.
Potions cannot restore your health.


Message History

The teleport trap disappears.
The kobold disappears!
The kobold moves out of view.
You open the door.
There is an open door here.
Found a dagger.
j - 2 viscous coppery potions (gained 1)
d - 3 potions of might (gained 2)
You see here a +0 dagger.
Found a leather armour.
Found 7 stones.
You see here a +0 leather armour.
You see here 7 stones.
Found a hammer.
Found a runed translucent door.
Crazy Yiuf shouts!
Crazy Yiuf screams, "Nubble ladder Xom!"
Crazy Yiuf yells, "Action sing-song light!"
You open the door. You hit Crazy Yiuf but do no damage.
You block Crazy Yiuf's attack.
You closely miss Crazy Yiuf. Crazy Yiuf barely misses you.
You closely miss Crazy Yiuf. You bite Crazy Yiuf. You drain his power.
Crazy Yiuf is lightly wounded.
Crazy Yiuf hits you with a +2 quarterstaff of chaos!
You are confused.
Crazy Yiuf flaps his cloak.
Crazy Yiuf closely misses you.
You feel less confused.
You closely miss Crazy Yiuf.
Crazy Yiuf is lightly wounded.
Crazy Yiuf hits you but does no damage.
You barely miss Crazy Yiuf. You bite Crazy Yiuf. You drain his power.
You feel invigorated.
Crazy Yiuf is moderately wounded.
Crazy Yiuf hits you with a +2 quarterstaff of chaos!
Crazy Yiuf burns you.
* * * LOW HITPOINT WARNING * * *
You closely miss Crazy Yiuf. You bite Crazy Yiuf. You drain his power.
You feel invigorated.
Crazy Yiuf is moderately wounded.
Crazy Yiuf hits you with a +2 quarterstaff of chaos!
You die...

.#####.#########..##
.# #.# ##...# .# #.#
#....# ######.#
#....# .......#
♣....♣ ########
♣...♣♣ # ♣♣.♣♣ #
♣.♣♣ # ♣♣@♣ ### ♣g♣♣
..# ♣♣.♣ ..# #'# ..#
##### ... ..# #..)#
#...# ### #.###
#..)# .########.#<#
##### .##.........#


You could see Crazy Yiuf.

Vanquished Creatures
  2 adders (D:2)
  A worm (D:2)
  2 dart slugs (D:1)
  2 endoplasms
  2 giant cockroaches (D:1)
  3 goblins
  5 hobgoblins
  5 kobolds
  3 ball pythons (D:1)
  2 bats
  3 frilled lizards
  A rat (D:2)
31 creatures vanquished.

Notes
Turn   | Place    | Note
-------+----------+-------------------------------------------
     0 | D:1      | ketsa the Vine Stalker Fighter began the quest for the Orb.
     0 | D:1      | Reached XP level 1. HP: 11/11 MP: 2/2
   127 | D:1      | Reached XP level 2. HP: 16/16 MP: 1/3
   252 | D:1      | Reached skill level 1 in Stealth
   561 | D:1      | Reached XP level 3. HP: 19/19 MP: 4/4
  1122 | D:2      | Found a runed translucent door.
  1123 | D:2      | Noticed Crazy Yiuf
  1134 | D:2      | Slain by Crazy Yiuf

Illustrated notes

Levels and vault maps discovered:
D:1:      tekkud_arrival_beachfront_property, layout_basic, serial_glass,
          glass_columns_a, glass_columns_a, feat_on_display, item_on_display_a,
          due_unseen_surprise
D:2:      layout_basic, shapermc_ecumenical_altar_mp_highgroup,
          uniq_crazy_yiuf_cottage

Skill      XL: |  1  2  3 |
---------------+----------+-----
Long Blades    | 2 |  2.8
Stealth        | 1 |  1.1
Shields        | 3 |  3.1
Fighting       | 3 |  3.1
Armour         | |  2.4

Action                     || total
---------------------------++-------
  Melee: Long sword        ||    80
         Bite              ||    14
    Use: Scroll            ||     1
 Armour: Scale mail        ||    37
  Dodge: Dodged            ||    38
  Block: Buckler           ||    24
